 Dungeon Crawl Stone Soup version 0.25-a0-265-g7af84ae0ac (webtiles) character file.

Game seed: 1165776818009128627, levelgen mode: deterministic

6241 Essalna the Geomancer (level 10, -6/59 HPs)
             Began as a Gargoyle Earth Elementalist on Dec 8, 2019.
             Was a Follower of Vehumet.
             Killed by the air
             ... invoked by Gastronok
              (27 damage)
             ... on level 9 of the Dungeon.
             The game lasted 00:34:42 (9415 turns).

Essalna the Geomancer (Gargoyle Earth Elementalist) Turns: 9415, Time: 00:34:42

Health: -6/59      AC: 16    Str: 11    XL:     10   Next: 93%
Magic:  18/22      EV: 12    Int: 20    God:    Vehumet [*.....]
Gold:   410        SH:  3    Dex: 10    Spells: 19/26 levels left

rFire    . . .     SeeInvis .   p - +1 dagger (venom)
rCold    . . .     Gourm    .   i - +0 buckler
rNeg     + + .     Faith    .   D - +1 leather armour {MR+}
rPois    ∞         Spirit   .   M - +0 helmet
rElec    +         Reflect  .   (no cloak)
rCorr    .         Harm     .   g - +2 pair of gloves
MR       +....                  (no boots)
Stlth    ++........             y - amulet of magic regeneration
HPRegen  0.19/turn              (no ring)
MPRegen  0.43/turn              q - ring of positive energy

@: starving
A: negative energy resistance 1, electricity resistance, unbreathing,
petrification resistance, rot immunity, AC +7
a: Renounce Religion


You were on level 9 of the Dungeon.
You worshipped Vehumet.
Vehumet was aware of your devotion.
You were starving.

You visited 2 branches of the dungeon, and saw 10 of its levels.

You collected 410 gold pieces.

Inventory:

Hand Weapons
 h - a -1 long sword
 p - a +1 dagger of venom (weapon)
 v - a +0 whip of freezing
Missiles
 b - 98 stones (quivered)
Armour
 c - a +0 robe
 g - a +2 pair of gloves (worn)
 i - a +0 buckler (worn)
 x - a +2 ring mail of magic resistance
 z - the +9 plate armour of the Great Game {Dex+3}
   (You found it on level 6 of the Dungeon)

   It affects your dexterity (+3).
 D - a +1 leather armour of magic resistance (worn)
 J - a +0 pair of gloves
 M - a +0 helmet (worn)
Jewellery
 o - an uncursed amulet of the gourmand
 q - a ring of positive energy (right hand)
 y - an amulet of magic regeneration (around neck)
 B - an uncursed ring of fire
 L - a +2 ring of dexterity
Wands
 w - a wand of polymorph (13)
 G - a wand of paralysis (18)
Scrolls
 f - 3 scrolls of teleportation
 j - a scroll of enchant armour
 k - 5 scrolls of identify
 n - 2 scrolls of fog
 r - a scroll of random uselessness {unknown}
 s - 3 scrolls of immolation {unknown}
 C - a scroll of vulnerability {unknown}
 K - a scroll of remove curse
Potions
 a - a potion of agility {unknown}
 e - 2 potions of curing {unknown}
 l - 2 potions of brilliance {unknown}
 m - 3 potions of flight {unknown}
 t - 3 potions of heal wounds {unknown}
 u - a potion of invisibility {unknown}
 A - a potion of might {unknown}
 E - 2 potions of lignification {unknown}
 H - a potion of degeneration {unknown}
 I - a potion of haste
Comestibles
 d - 15 rations


   Skills:
 + Level 5.3 Fighting
 + Level 5.3 Armour
 + Level 4.5 Dodging
 - Level 2.1 Stealth
 + Level 8.5 Spellcasting
 + Level 3.4 Conjurations
   Level 0.7 Transmutations
 + Level 3.2 Fire Magic
 + Level 11.1 Earth Magic


You had 19 spell levels left.
You knew the following spells:

 Your Spells              Type           Power        Failure   Level  Hunger
a - Sandblast             Erth           ######       1%          1    None
b - Lee's Rapid Deconstr  Erth           ######....   4%          5    #####..
c - Foxfire               Conj/Fire      ###.         4%          1    None

Your spell library contained the following spells:

 Spells                   Type           Power        Failure   Level  Hunger
 Freeze                   Ice            #...         17%         1    None
 Passwall                 Tmut/Erth      ####....     2%          2    None
 Stone Arrow              Conj/Erth      #####.       2%          3    None
 Conjure Flame            Conj/Fire      ###.....     13%         3    None
 Petrify                  Tmut/Erth      ####....     16%         4    ###....
 Confusing Touch          Hex            #.....       17%         1    None
 Poisonous Vapours        Pois/Air       #.....       26%         2    None
 Inner Flame              Hex/Fire       ##......     26%         3    None
 Mephitic Cloud           Conj/Pois/Air  ##......     32%         3    None
 Sticky Flame             Conj/Fire      ###.....     41%         4    ###....
 Confuse                  Hex            #.......     45%         3    None
 Gell's Gravitas          Tloc           #.........   45%         3    None
 Fireball                 Conj/Fire      ###.......   77%         5    #####..
 Metabolic Englaciation   Hex/Ice        #.........   99%         5    #####..
 Yara's Violent Unravell  Hex/Tmut       #.........   99%         5    #####..
 Freezing Cloud           Conj/Ice/Air   ##........   100%        6    ######.
 Ring of Flames           Chrm/Fire      ##........   100%        7    #######


Dungeon Overview and Level Annotations

Branches:
Dungeon (9/15)             Temple (1/1) D:7
   Lair: D:8-11         Orc: D:9-12

Altars:
Ashenzari
Cheibriados
Dithmenos
Elyvilon
Gozag
Hepliaklqana
Kikubaaqudgha
Makhleb
Nemelex Xobeh
Okawaru
Qazlal
Uskayaw
Vehumet

Shops:
D:8 !

Annotations:
D:9 Gastronok


Innate Abilities, Weirdness & Mutations

You are resistant to torment.
Your stone body is resilient. (AC +7)
You are immune to poison.
You resist negative energy. (rN+)
You are resistant to electric shocks. (rElec)
You can survive without breathing.
You are immune to petrification.
You are immune to rotting.


Message History

You are starving!
You hear a horrible gurgling sound!
Things that are here:
a cursed -2 dagger; a +0 robe There isn't anything to butcher here.
There isn't anything to butcher here.
There isn't anything to butcher here.
You see here a +0 short sword.
There isn't anything to butcher here.
Things that are here:
a +1 dagger of pain; a +0 robe There isn't anything to butcher here.
Gastronok the Ponderous comes into view.
Gastronok gurgles horribly!
Things that are here:
a +0 glaive; a +0 plate armour; an orc corpse You butcher the orc corpse.
Gastronok waves his eye-stalks in wide circles.
The air twists around and strikes you!!
You die...

#........###.#
##.....#####.#
##...## ##.##
#..## ##.##
##.####).#
#..##))##
#..#...#
###....##
###..@...#
...........####
..............#
..........#####
..w.....(.#
..####....# .#
.# #......## .#
.........### .#
...........##.#


You could see Gastronok.

Vanquished Creatures
  A two-headed ogre (D:8)
  Pikel (D:5)
  Maurice (D:8)
  Grinder (D:5)
  4 yaks (D:6)
  A steam dragon (D:9)
  4 orc warriors
  3 ice beasts
  2 sky beasts
  3 slaves
  2 phantoms
  A necrophage (D:6)
  3 centaurs
  2 ogres
  A big kobold (D:7)
  Blork the orc (D:5)
  A gnoll sergeant (D:6)
  5 bullfrogs
  6 scorpions
  5 wights (D:7)
  A howler monkey (D:4)
  2 crimson imps
  A quasit (D:6)
  A jelly (D:6)
  20 orc wizards
  2 bullfrog skeletons (D:6)
  2 orc priests
  3 iguanas
  7 worker ants
  2 worker ant zombies
  A gnoll (D:6)
  11 adders
  2 shadow imps
  An ooze (D:2)
  An adder skeleton (D:6)
  3 worms
  4 dart slugs
  A leopard gecko (D:4)
  31 orcs
  6 giant cockroaches
  4 goblins
  5 hobgoblins
  4 jackals
  A quokka (D:3)
  11 bats
  4 frilled lizards
  15 kobolds
  2 leopard gecko skeletons
  10 rats
206 creatures vanquished.

Vanquished Creatures (others)
  74 foxfires
  3 fungi (D:4)
77 creatures vanquished.

Grand Total: 283 creatures vanquished

Notes
Turn   | Place    | Note
-------+----------+-------------------------------------------
     0 | D:1      | Essalna the Gargoyle Earth Elementalist began the quest for
                  | the Orb.
     0 | D:1      | Reached XP level 1. HP: 10/10 MP: 3/3
   248 | D:1      | Reached XP level 2. HP: 15/15 MP: 5/5
   270 | D:1      | Reached skill level 4 in Earth Magic
   825 | D:2      | Reached XP level 3. HP: 19/19 MP: 4/6
  1362 | D:2      | Reached XP level 4. HP: 19/24 MP: 3/8
  1420 | D:2      | Reached skill level 5 in Earth Magic
  2722 | D:4      | Reached XP level 5. HP: 28/28 MP: 6/10
  2998 | D:4      | Learned a level 5 spell: Lee's Rapid Deconstruction
  3157 | D:4      | Reached skill level 6 in Earth Magic
  3157 | D:4      | Reached XP level 6. HP: 27/32 MP: 5/12
  3588 | D:4      | Reached skill level 7 in Earth Magic
  3588 | D:4      | Reached XP level 7. HP: 36/36 MP: 14/14
  3747 | D:5      | Entered Level 5 of the Dungeon
  3894 | D:5      | Reached skill level 5 in Spellcasting
  4021 | D:5      | Noticed Grinder
  4028 | D:5      | Killed Grinder
  4451 | D:5      | Noticed Blork the orc
  4454 | D:5      | Killed Blork the orc
  4454 | D:5      | Reached skill level 8 in Earth Magic
  4695 | D:5      | Noticed Pikel
  5275 | D:5      | Killed Pikel
  5275 | D:5      | Reached skill level 9 in Earth Magic
  5275 | D:5      | Reached XP level 8. HP: 41/41 MP: 4/18
  5560 | D:6      | Reached skill level 1 in Armour
  5560 | D:6      | Reached skill level 1 in Fighting
  5644 | D:6      | Reached XP level 9. HP: 37/47 MP: 9/19
  5972 | D:6      | Reached skill level 10 in Earth Magic
  6476 | D:6      | Got a jewelled plate armour
  6477 | D:6      | Identified the +9 plate armour of the Great Game {Dex+3}
                  | (You found it on level 6 of the Dungeon)
  7089 | D:6      | Found an iron altar of Okawaru.
  7267 | D:6      | Learned a level 1 spell: Foxfire
  7393 | D:7      | Found a shadowy altar of Dithmenos.
  7414 | D:7      | Reached XP level 10. HP: 52/56 MP: 14/21
  7542 | D:7      | Found a sparkling altar of Nemelex Xobeh.
  7619 | D:7      | Reached skill level 1 in Conjurations
  7619 | D:7      | Reached skill level 1 in Fire Magic
  7686 | D:7      | Found a staircase to the Ecumenical Temple.
  7808 | Temple   | Entered the Ecumenical Temple
  7833 | Temple   | Became a worshipper of Vehumet
  7900 | D:7      | Paralysed by an orc for 7 turns
  8435 | D:8      | Noticed a two-headed ogre
  8443 | D:8      | Killed a two-headed ogre
  8512 | D:8      | Found an opulent altar of Gozag.
  8689 | D:8      | Reached * piety under Vehumet
  8689 | D:8      | Offered knowledge of Freeze by Vehumet.
  8726 | D:8      | Reached skill level 5 in Fighting
  8733 | D:8      | Noticed Maurice
  8737 | D:8      | Killed Maurice
  8737 | D:8      | Reached skill level 5 in Armour
  8737 | D:8      | Reached skill level 11 in Earth Magic
  9015 | D:8      | Found Qoesk's Assorted Antiques.
  9234 | D:8      | Found Yntur's Distillery.
  9412 | D:9      | Noticed Gastronok
  9415 | D:9      | Killed from afar by Gastronok

Levels and vault maps discovered:
D:1:      tarquinn_simple_flora_water_d, layout_loops_corners
D:2:      layout_basic, first_ration, minmay_misc_feat_four_crosses
D:3:      layout_loops_ring, palyth_stone_intersect
D:4:      old_forge, layout_basic, kennysheep_generic_room_12
D:5:      layout_basic, chequers_serial_rivers_small_b, uniq_grinder,
          uniq_pikel, uniq_blork_the_orc
D:6:      minmay_thinvault, layout_layer_cave, okawaru_altar_gauntlet_db
D:7:      layout_loops_ring, lemuel_doored_altar, temple_pool_b,
          nemelex_spade_bored_becter
D:8:      minmay_flawed_box, layout_loops_ring, overflow_temple_1_default,
          serial_shops, shop, shop, uniq_maurice
D:9:      layout_layer_cave, kennysheep_mini, zombieorc2_lemuel,
          corexii_checkpoint_a, uniq_gastronok
Temple:   eino_narrow_crystal_temple

Skill      XL: |  1  2  3  4  5  6  7  8  9 10 |
---------------+-------------------------------+-----
Earth Magic    | 4 5 6 7 9 10 11 | 11.1
Spellcasting   | 3 4 6 7 8 |  8.5
Armour         | 1 4 5 |  5.3
Fighting       | 1 4 5 |  5.3
Dodging        | 2 3 4 |  4.5
Conjurations   | 3 |  3.4
Fire Magic     | 3 |  3.2
Stealth        | |  2.1
Transmutations | |  0.7

Action                   |  1- 3 |  4- 6 |  7- 9 | 10-12 || total
-------------------------+-------+-------+-------+-------++-------
Melee: Unarmed           |    61 |       |       |       ||    61
       Dagger            |    85 |    27 |    53 |   133 ||   298
       Short sword       |       |    27 |       |       ||    27
       Long sword        |       |    81 |   118 |       ||   199
 Cast: Sandblast         |    25 |    46 |    46 |    21 ||   138
       Lee's Rapid Decon |       |       |    29 |    29 ||    58
       Foxfire           |       |       |     1 |    44 ||    45
  Use: Scroll            |       |     7 |     4 |       ||    11
 Stab: Sleeping          |     2 |     5 |     2 |       ||     9
  Eat: Chunk             |     2 |    18 |    16 |     8 ||    44
Armor: Robe              |    83 |    73 |    89 |       ||   245
       Leather armour    |       |       |     2 |    70 ||    72
Dodge: Dodged            |   138 |   170 |   156 |    90 ||   554
Block: Buckler           |       |       |     7 |    14 ||    21
       Rpst.: Long sword |       |    39 |    38 |       ||    77

Table legend:
 A = Non-vault XP
 B = Vault XP
 C = Vault XP percentage of total XP
 D = Non-vault monster count
 E = Vault monster count
 F = Vault count percentage of total count
                 A         B        C        D         E       F
            +---------+---------+-------+---------+---------+-------
      Total |    5949 |    2967 |  33.3 |     156 |      47 |  23.2
            +---------+---------+-------+---------+---------+-------
        D:1 |      19 |       0 |   0.0 |      10 |       0 |   0.0
        D:2 |     105 |       0 |   0.0 |      29 |       0 |   0.0
        D:3 |      38 |       0 |   0.0 |      12 |       0 |   0.0
        D:4 |     223 |     245 |  52.4 |      13 |      10 |  43.5
        D:5 |     129 |    1046 |  89.0 |       3 |       3 |  50.0
        D:6 |    1758 |     662 |  27.4 |      26 |      19 |  42.2
        D:7 |    1502 |       0 |   0.0 |      39 |       0 |   0.0
        D:8 |    1612 |    1014 |  38.6 |      17 |      15 |  46.9
        D:9 |     563 |       0 |   0.0 |       7 |       0 |   0.0
            +---------+---------+-------+---------+---------+-------
